 Dungeon Crawl Stone Soup version 0.17-a0-2122-g03d97ec (webtiles) character file.

7499 Adamkad1 the Grappler (level 10, -5/104 HPs)
             Began as a Troll Monk on Oct 20, 2015.
             Slain by an orc
             ... wielding a +3 short sword of electrocution
              (10 damage)
             ... on level 9 of the Dungeon.
             The game lasted 00:36:53 (10306 turns).

Adamkad1 the Grappler (Troll Monk)                 Turns: 10306, Time: 00:36:53

Health: -5/104     AC:  6    Str: 22      XL:     10   Next: 95%
Magic:  12/12      EV: 12    Int:  6      God:
Gold:   531        SH:  0    Dex:  9 (12) Spells: 0 memorised, 9 levels left

rFire  + . .     SeeInvis +       - Unarmed
rCold  + . .     Clarity  .     n - +0 robe {MR+}
rNeg   . . .     SustAt   .     (no shield)
rPois  +         Gourm    +     (helmet restricted)
rElec  .         Spirit   .     y - +0 cloak {rPois}
rCorr  .         Warding  .     (gloves unavailable)
rMut   +         Stasis   .     (boots unavailable)
MR     +....                    w - amulet "Jeugiqit" {rMut rF+ rC+}
Stlth  ++........               e - ring of see invisible
                                i - ring of poison resistance

@: somewhat resistant to hostile enchantments, unstealthy
A: unfitting armour, claws 3, fast metabolism 3, gourmand, regeneration 2,
shaggy fur 1, tough skin 2, weak 1, wild magic 1
a: no special abilities


You were on level 9 of the Dungeon.
You were full.

You visited 2 branches of the dungeon, and saw 11 of its levels.

You collected 531 gold pieces.

Inventory:

Hand Weapons
 z - a +0 giant spiked club
 B - a +1 whip of freezing
 G - a +4 morningstar of protection
Missiles
 r - 2 throwing nets
 C - 4 exploding tomahawks (quivered)
Armour
 n - a +0 robe of magic resistance (worn)
 q - a +0 cloak of magic resistance
 y - a +0 cloak of poison resistance (worn)
 J - a +2 robe of cold resistance
Jewellery
 e - a ring of see invisible (right claw)
 i - a ring of poison resistance (left claw)
 s - an uncursed ring of teleportation
 w - the amulet "Jeugiqit" (around neck) {rMut rF+ rC+}
   (You found it on level 6 of the Dungeon)

   [amulet of resist mutation]

   It protects you from mutation.
   It protects you from fire.
   It protects you from cold.
 D - a +3 ring of strength
 E - an uncursed ring of sustain attributes
 I - an uncursed ring of ice
Wands
 a - a wand of flame (25)
 o - a wand of digging (8)
 u - a wand of slowing (10)
 x - a wand of random effects (0)
Scrolls
 c - 5 scrolls of teleportation
 d - 4 scrolls of amnesia
 f - 5 scrolls of remove curse
 m - 3 scrolls of identify
 t - 4 scrolls of fear
 F - a scroll of holy word {unknown}
 K - a scroll of magic mapping
 L - a scroll of enchant weapon {unknown}
Potions
 g - 4 potions of curing
 h - 2 potions of resistance
 k - 3 potions of might
 l - 3 potions of heal wounds
 v - 2 potions of lignification
 A - 3 potions of berserk rage {unknown}
Miscellaneous
 H - a stone of tremors (inert)
Comestibles
 b - 13 bread rations
 j - 5 meat rations
 p - 2 chunks of flesh


   Skills:
 * Level 7.7 Fighting
 + Level 8.0 Dodging
 + Level 2.5 Stealth
 * Level 10.2 Unarmed Combat
 * Level 4.0 Evocations


You had 9 spell levels left.
You didn't know any spells.

Dungeon Overview and Level Annotations

Branches:
Dungeon (10/15)            Temple (1/1) D:5            Lair (0/8) D:10
    Orc (0/4) D:10

Altars:
Ashenzari
Cheibriados
Dithmenos
Elyvilon
Fedhas
Gozag
Kikubaaqudgha
Makhleb
Nemelex Xobeh
Okawaru
Qazlal
Ru
Sif Muna
Trog
Vehumet
Xom
Yredelemnul
Zin
The Shining One
Beogh


Innate Abilities, Weirdness & Mutations

You are too large for most types of armour.
You have claws for hands.
Your metabolism is lightning-fast.
You like to eat raw meat.
You heal very quickly.
You are covered in fur (AC +1).
You have very tough skin (AC +2).
You are weak. (Str -2)
Your spells are a little harder to cast, but a little more powerful.


Message History

You are electrocuted!
You scratch the orc warrior but do no damage.
The orc warrior is lightly wounded.
The orc warrior hits you with a trident!
The orc misses you.
You claw the orc warrior!
The orc warrior is heavily wounded.
The orc warrior hits you with a trident!
* * * LOW HITPOINT WARNING * * *
You mangle the orc warrior!!
You kill the orc warrior!
The orc hits you with a short sword of electrocution.
* * * LOW HITPOINT WARNING * * *
You are electrocuted!
* * * LOW HITPOINT WARNING * * *
You closely miss the orc.
The orc hits you with a short sword of electrocution.
* * * LOW HITPOINT WARNING * * *
You are electrocuted!
You die...

.#####...#..######...##..........
.....#...#............#....######
.....#...#............####.#
.....#...#...............#.#
..[..'...####............#.#
.....#......#........#####.######
.....#......#[)......#≈..#.......
######......#.[.[)...#≈..#.......
[...........'..[@....#≈.##......#
............#[.[o..###≈.÷#......#
..#####.....#......#.##'##......#
..# #.....#......#!...........+
..# #.....####'###............+
..# #.........................#
..# #....#####..#######.......#
..# #....#...#..# #........
..#####....#...'..# #........


You could see an orc.

Vanquished Creatures
  Fannar (D:9)
  Pikel (D:7)
  A hill giant (D:9)
  A merfolk (D:9)
  Prince Ribbit (D:7)
  2 crocodiles
  A wyvern (D:8)
  The ghost of AMagicalLamp the Sneak, an amateur SpEn (D:3)
  A deep elf mage (D:10)
  3 wargs
  Edmund (D:6)
  2 water moccasins
  A centaur (D:8)
  A sky beast (D:5)
  3 ice beasts
  A black bear (D:10)
  8 orc warriors
  2 necrophages
  A phantom (D:10)
  2 ogres
  Blork the orc (D:4)
  A gnoll sergeant (D:6)
  3 giant frogs
  A wyvern skeleton (D:10)
  3 killer bees (D:9)
  10 wights
  2 quasits
  2 crimson imps
  A centaur zombie (D:9)
  A giant frog zombie (D:7)
  A giant frog skeleton (D:9)
  A jelly (D:8)
  Crazy Yiuf (D:6)
  4 hounds
  5 orc priests
  7 worker ants
  3 iguanas
  8 orc wizards
  2 killer bee zombies
  A hound skeleton (D:4)
  14 adders
  13 gnolls
  A shadow imp (D:6)
  An ooze (D:1)
  3 worms
  3 giant geckos
  45 orcs
  2 ball pythons (D:2)
  A giant cockroach (D:8)
  6 hobgoblins
  9 jackals
  7 kobolds
  11 bats
  A giant gecko skeleton (D:4)
  3 giant newts
  6 goblins
  A jackal zombie (D:5)
  3 quokkas
  2 quokka skeletons
  5 rats
230 creatures vanquished.

Vanquished Creatures (others)
  4 slaves
  A giant frog (D:10)
  A worker ant (D:7)
  An orc (D:10)
7 creatures vanquished.

Grand Total: 237 creatures vanquished

Notes
Turn   | Place    | Note
--------------------------------------------------------------
     0 | D:1      | Adamkad1 the Troll Monk began the quest for the Orb.
     0 | D:1      | Reached XP level 1. HP: 22/22 MP: 0/0
   166 | D:1      | Reached XP level 2. HP: 29/29 MP: 1/1
   800 | D:2      | Reached XP level 3. HP: 36/36 MP: 2/2
  1106 | D:2      | Reached skill level 5 in Unarmed Combat
  1199 | D:2      | Reached XP level 4. HP: 44/44 MP: 3/3
  1436 | D:2      | Found a bloodstained altar of Trog.
  1728 | D:3      | Noticed AMagicalLamp's ghost (amateur SpEn)
  1781 | D:3      | HP: 1/44 [AMagicalLamp's ghost (4)]
  1789 | D:3      | Killed AMagicalLamp's ghost
  1789 | D:3      | Reached XP level 5. HP: 27/53 MP: 4/4
  1925 | D:3      | Reached XP level 6. HP: 54/61 MP: 5/5
  1939 | D:3      | Gained mutation: You are weak. (Str -2) [potion of mutation]
  1939 | D:3      | Gained mutation: Your spells are a little harder to cast, but a little more powerful. [potion of mutation]
  2537 | D:4      | Noticed Blork the orc
  2549 | D:4      | Killed Blork the orc
  2549 | D:4      | Reached skill level 6 in Unarmed Combat
  2645 | D:4      | Reached XP level 7. HP: 64/68 MP: 6/6
  3083 | D:5      | Entered Level 5 of the Dungeon
  3469 | D:5      | Found a staircase to the Ecumenical Temple.
  3490 | Temple   | Entered the Ecumenical Temple
  3962 | D:6      | Reached skill level 7 in Unarmed Combat
  3970 | D:6      | Reached XP level 8. HP: 67/79 MP: 7/7
  4145 | D:6      | Noticed Crazy Yiuf
  4152 | D:6      | Killed Crazy Yiuf
  4229 | D:6      | Noticed Edmund
  4240 | D:6      | Killed Edmund
  4240 | D:6      | Reached skill level 5 in Dodging
  4267 | D:6      | Got an ancient tin amulet
  4268 | D:6      | Identified the amulet "Jeugiqit" {rMut rF+ rC+} (You found it on level 6 of the Dungeon)
  4290 | D:6      | Found a shattered altar of Ashenzari.
  4577 | D:6      | Reached skill level 5 in Fighting
  4734 | D:6      | Reached skill level 1 in Evocations
  4889 | D:7      | Noticed Pikel
  4906 | D:7      | Killed Pikel
  4906 | D:7      | Reached skill level 8 in Unarmed Combat
  4970 | D:7      | Reached XP level 9. HP: 65/88 MP: 9/9
  5041 | D:7      | Noticed Prince Ribbit
  5049 | D:7      | Killed Prince Ribbit
  5051 | D:7      | Found a snail-covered altar of Cheibriados.
  6458 | D:8      | Reached skill level 9 in Unarmed Combat
  7235 | D:9      | Reached XP level 10. HP: 57/100 MP: 11/11
  8281 | D:9      | Noticed a hill giant
  8305 | D:9      | Killed a hill giant
  8358 | D:10     | Entered Level 10 of the Dungeon
  8559 | D:10     | Noticed Fannar
  8757 | D:9      | Killed Fannar
  8937 | D:10     | Reached skill level 10 in Unarmed Combat
  9056 | D:10     | Found a staircase to the Lair.
 10230 | D:10     | Found a roughly hewn altar of Beogh.
 10230 | D:10     | Found a staircase to the Orcish Mines.
 10306 | D:9      | HP: 5/104 [orc/short sword of electrocution (6)]
 10306 | D:9      | Slain by an orc

Vault maps used:
D:1:      dpeg_arrival_tiny_e
D:2:      trog_book
D:3:      serial_glass, glass_columns_a, glass_columns_a, glass_columns_c,
          glass_columns_a, glass_columns_a, glass_columns_b, glass_columns_b,
          glass_columns_b
D:4:      uniq_blork_the_orc
D:5:      minmay_temple_entry_mist, first_bread
D:6:      kennysheep_mini_moat, uniq_edmund, uniq_crazy_yiuf_cottage
D:7:      basic_altar, uniq_pikel, uniq_prince_ribbit1
D:9:      spider_trap, hangedman_fish_farm
D:10:     erik_lair_orcish_takeover, david_orc_5, uniq_fannar
Temple:   grunt_wide_crystal_templ_18

Action                   |  1- 3 |  4- 6 |  7- 9 | 10-12 || total
-------------------------+-------+-------+-------+-------++-------
Melee: Unarmed           |    74 |   126 |   423 |   233 ||   856
Evoke: Wand              |       |       |     1 |    20 ||    21
       Stone of tremors  |       |       |       |     1 ||     1
  Use: Potion            |     4 |     5 |     3 |     2 ||    14
       Scroll            |     3 |     3 |     3 |     7 ||    16
 Stab: Sleeping          |     3 |     1 |     2 |     1 ||     7
       Distracted        |       |       |     1 |       ||     1
  Eat: Chunk             |     5 |    20 |    24 |    29 ||    78
       Bread ration      |     1 |       |       |       ||     1
       Fruit             |       |       |     4 |       ||     4
       Beef jerky        |       |       |     3 |       ||     3
       Pizza             |       |       |     1 |       ||     1
       Meat ration       |       |       |       |     1 ||     1
